TOP OF THE 1ST |
Vanderbilt University Commodores batting - Pitching for University of Arizona Wildcats : LHP Amari Miller
|
Pitching: LHP Amari Miller
|
|
Batting: RHB Joe Simmelink
|
0-0: Foul Ball, location: 2F 0-1: Ball 1-1: SINGLE (Groundball, 56D, EV 97.5 MPH)
|
Batting: LHB Mike Becerra
|
0-0: Called Strike 0-1: Foul Ball, location: 2F 0-2: Ball 1-2: Strikes out swinging
|
Batting: RHB Roger Mitchell
|
0-0: Fielders Choice at 2nd, 4-6 (Groundball, 4, EV 99.4 MPH)
|
Batting: LHB Jose Pereyra
|
0-0: Ball 1-0: Foul Ball, location: 2F 1-1: Ball Wild Pitch! Roger Mitchell to second 2-1: Ground out 6-3 (Groundball, 6, EV 99.4 MPH)
|
Top of the 1st over - 0 runs, 1 hit, 0 errors, 1 left on base; Vanderbilt University 0 - University of Arizona 0 |
BOTTOM OF THE 1ST |
University of Arizona Wildcats batting - Pitching for Vanderbilt University Commodores : LHP Danny Juarez
|
Pitching: LHP Danny Juarez
|
|
Batting: RHB Melvin Nava
|
0-0: Foul Ball, location: 2F 0-1: Fly out, F6 (Flyball, 6D, EV 90.6 MPH)
|
Batting: RHB Al Blanchard
|
0-0: Called Strike 0-1: Ball 1-1: Ball 2-1: Fly out, F3 (Popup, 34S, EV 85.0 MPH)
|
Batting: SHB Eric Kelley
|
0-0: SOLO HOME RUN (Line Drive, 7LD, EV 97.5 MPH), Distance : 351 ft
|
Batting: RHB Costantino Dolfini
|
0-0: Foul Ball, location: 2F 0-1: Ball 1-1: Foul Ball, location: 2F 1-2: Ball 2-2: Ball 3-2: Foul Ball, location: 2F 3-2: Ground out 6-3 (Groundball, 6M, EV 105.6 MPH)
|
Bottom of the 1st over - 1 run, 1 hit, 0 errors, 0 left on base; Vanderbilt University 0 - University of Arizona 1 |
TOP OF THE 2ND |
Vanderbilt University Commodores batting - Pitching for University of Arizona Wildcats : LHP Amari Miller
|
Batting: RHB Reomel Somera
|
0-0: Called Strike 0-1: Ball 1-1: Ball 2-1: Called Strike 2-2: Foul Ball, location: 2F 2-2: Strikes out swinging
|
Batting: LHB Jeremy Robertson
|
0-0: SINGLE (Groundball, 4MS, EV 64.4 MPH) (infield hit)
|
Batting: RHB Jesus Ruiz
|
0-0: Called Strike 0-1: Fielders Choice at 2nd, 4-6 (Groundball, 34, EV 103.1 MPH)
|
Batting: LHB Carlos Martinez
|
0-0: Ball 1-0: Fielders Choice at 2nd, 6-4 (Groundball, 6, EV 104.4 MPH)
|
Top of the 2nd over - 0 runs, 1 hit, 0 errors, 1 left on base; Vanderbilt University 0 - University of Arizona 1 |
BOTTOM OF THE 2ND |
University of Arizona Wildcats batting - Pitching for Vanderbilt University Commodores : LHP Danny Juarez
|
Batting: RHB Arnaud Derosiers
|
0-0: Called Strike 0-1: Ground out 5-3 (Groundball, 5S, EV 72.5 MPH)
|
Batting: RHB Daniel Wise
|
0-0: Foul Ball, location: 2F 0-1: Ball 1-1: Ground out 6-3 (Groundball, 6, EV 80.6 MPH)
|
Batting: RHB Jorge Gonzales
|
0-0: Called Strike 0-1: Called Strike 0-2: Ground out 3-1 (Groundball, 34S, EV 83.8 MPH)
|
Bottom of the 2nd over - 0 runs, 0 hits, 0 errors, 0 left on base; Vanderbilt University 0 - University of Arizona 1 |
TOP OF THE 3RD |
Vanderbilt University Commodores batting - Pitching for University of Arizona Wildcats : LHP Amari Miller
|
Batting: RHB Bart Stevensdick
|
0-0: Ball 1-0: Swinging Strike 1-1: Foul Ball, location: 2F 1-2: Ball 2-2: Strikes out swinging
|
Batting: RHB Joe Simmelink
|
0-0: Ball 1-0: Foul Ball, location: 2F 1-1: Ball 2-1: Ball 3-1: Ground out 6-3 (Groundball, 6M, EV 76.9 MPH)
|
Batting: LHB Mike Becerra
|
0-0: Called Strike 0-1: Fly out, F8 (Flyball, 8LD, EV 105.0 MPH)
|
Top of the 3rd over - 0 runs, 0 hits, 0 errors, 0 left on base; Vanderbilt University 0 - University of Arizona 1 |
BOTTOM OF THE 3RD |
University of Arizona Wildcats batting - Pitching for Vanderbilt University Commodores : LHP Danny Juarez
|
Batting: RHB Matt Peddle
|
0-0: Swinging Strike 0-1: Ball 1-1: Called Strike 1-2: Ball 2-2: Ball 3-2: Strikes out swinging
|
Batting: RHB Diego Herrera
|
0-0: Foul Ball, location: 2F 0-1: SINGLE (Flyball, 56D, EV 83.8 MPH)
|
Batting: RHB Melvin Nava
|
0-0: Swinging Strike 0-1: Ball 1-1: Foul Ball, location: 2F 1-2: Reached on error, E4 (Groundball, 34, EV 101.9 MPH) Diego Herrera to second
|
Batting: RHB Al Blanchard
|
0-0: Ball 1-0: Grounds into double play, 3-6-1 (Groundball, 34, EV 84.4 MPH)
|
Bottom of the 3rd over - 0 runs, 1 hit, 1 error, 1 left on base; Vanderbilt University 0 - University of Arizona 1 |
TOP OF THE 4TH |
Vanderbilt University Commodores batting - Pitching for University of Arizona Wildcats : LHP Amari Miller
|
Batting: RHB Roger Mitchell
|
0-0: Foul Ball, location: 2F 0-1: Ground out 1-3 (Groundball, 13, EV 61.9 MPH)
|
Batting: LHB Jose Pereyra
|
0-0: Fly out, F7 (Flyball, 78D, EV 95.6 MPH)
|
Batting: RHB Reomel Somera
|
0-0: Ball 1-0: Called Strike 1-1: Fly out, F4 (Popup, 34S, EV 85.6 MPH)
|
Top of the 4th over - 0 runs, 0 hits, 0 errors, 0 left on base; Vanderbilt University 0 - University of Arizona 1 |
BOTTOM OF THE 4TH |
University of Arizona Wildcats batting - Pitching for Vanderbilt University Commodores : LHP Danny Juarez
|
Batting: SHB Eric Kelley
|
0-0: Ball 1-0: Called Strike 1-1: Foul Ball, location: 2F 1-2: SINGLE (Line Drive, 8LS, EV 105.0 MPH)
|
Batting: RHB Costantino Dolfini
|
0-0: Called Strike 0-1: Ball 1-1: Ball 2-1: Swinging Strike 2-2: Foul Ball, location: 2F 2-2: Ball 3-2: Base on Balls Eric Kelley to second
|
Batting: RHB Arnaud Derosiers
|
0-0: SINGLE (Line Drive, 9, EV 102.5 MPH) Eric Kelley to third Costantino Dolfini to second
|
Batting: RHB Daniel Wise
|
0-0: Swinging Strike 0-1: Ball 1-1: Ball 2-1: Fly out, F8 (Flyball, 78D, EV 85.0 MPH) Runner from 3rd tags up, SCORES, no throw by CF
|
Batting: RHB Jorge Gonzales
|
0-0: DOUBLE (Line Drive, 7LD, EV 103.1 MPH) Costantino Dolfini scores Arnaud Derosiers to third
|
Batting: RHB Matt Peddle
|
0-0: Fly out, F8 (Line Drive, 8LD, EV 90.6 MPH) Runner from 3rd tags up, SCORES, no throw by CF
|
Batting: RHB Diego Herrera
|
0-0: Called Strike 0-1: Fly out, F6 (Flyball, 56D, EV 83.8 MPH)
|
Bottom of the 4th over - 3 runs, 3 hits, 0 errors, 1 left on base; Vanderbilt University 0 - University of Arizona 4 |
TOP OF THE 5TH |
Vanderbilt University Commodores batting - Pitching for University of Arizona Wildcats : LHP Amari Miller
|
Batting: LHB Jeremy Robertson
|
0-0: Ball 1-0: Ball 2-0: Called Strike 2-1: Fly out, F9 (Line Drive, 9, EV 94.4 MPH)
|
Batting: RHB Jesus Ruiz
|
0-0: Called Strike 0-1: Ball 1-1: SINGLE (Line Drive, 89S, EV 93.1 MPH)
|
Batting: LHB Carlos Martinez
|
0-0: SINGLE (Line Drive, 34D, EV 104.4 MPH) Jesus Ruiz to second
|
Batting: RHB Bart Stevensdick
|
0-0: Foul Ball, location: 2F 0-1: Ball 1-1: Ball 2-1: Foul Ball, location: 2F 2-2: Foul Ball, location: 2F 2-2: Ball 3-2: Foul Ball, location: 2F 3-2: Base on Balls Jesus Ruiz to third Carlos Martinez to second
|
Batting: RHB Joe Simmelink
|
0-0: Called Strike 0-1: Called Strike 0-2: Ball 1-2: Ball 2-2: Ball 3-2: Fly out, F8 (Line Drive, 8LD, EV 104.4 MPH) Runner from 3rd tags up, SCORES, throw by CF
|
Batting: LHB Mike Becerra
|
0-0: Ball 1-0: Ball Wild Pitch! Carlos Martinez to third Bart Stevensdick to second 2-0: Foul Ball, location: 2F 2-1: Fly out, F9 (Flyball, 9D, EV 90.6 MPH)
|
Top of the 5th over - 1 run, 2 hits, 0 errors, 2 left on base; Vanderbilt University 1 - University of Arizona 4 |
BOTTOM OF THE 5TH |
University of Arizona Wildcats batting - Pitching for Vanderbilt University Commodores : LHP Danny Juarez
|
Batting: RHB Melvin Nava
|
0-0: Ball 1-0: Foul Ball, location: 2F 1-1: Foul Ball, location: 2F 1-2: Ground out 1-3 (Groundball, 13S, EV 69.4 MPH)
|
Batting: RHB Al Blanchard
|
0-0: Ball 1-0: Ground out 4-3 (Groundball, 4, EV 89.4 MPH)
|
Batting: SHB Eric Kelley
|
0-0: Ball 1-0: Foul Ball, location: 2F 1-1: Ball 2-1: DOUBLE (Line Drive, 7LM, EV 93.8 MPH)
|
Batting: RHB Costantino Dolfini
|
0-0: Called Strike 0-1: Called Strike 0-2: Ball 1-2: Ball 2-2: Foul Ball, location: 2F 2-2: SINGLE (Groundball, 4MD, EV 101.9 MPH) Eric Kelley to third Runner from 3rd tries for Home, SAFE, throw by CF to home
|
Pitching: LHP Craig Soole
|
|
Batting: RHB Arnaud Derosiers
|
0-0: Called Strike 0-1: Ball 1-1: Fielders Choice at 2nd, 6-4 (Groundball, 6, EV 81.9 MPH)
|
Bottom of the 5th over - 1 run, 2 hits, 0 errors, 1 left on base; Vanderbilt University 1 - University of Arizona 5 |
TOP OF THE 6TH |
Vanderbilt University Commodores batting - Pitching for University of Arizona Wildcats : LHP Amari Miller
|
Batting: RHB Roger Mitchell
|
0-0: Called Strike 0-1: Fly out, F5 (Popup, 5SF, EV 87.5 MPH)
|
Batting: LHB Jose Pereyra
|
0-0: Called Strike 0-1: Ball 1-1: Ball 2-1: Ground out 3-1 (Groundball, 34, EV 81.9 MPH)
|
Batting: RHB Reomel Somera
|
0-0: SOLO HOME RUN (Flyball, 7D, EV 103.8 MPH), Distance : 381 ft
|
Batting: LHB Jeremy Robertson
|
0-0: Ball 1-0: Called Strike 1-1: Fly out, F8 (Flyball, 8RS, EV 90.0 MPH)
|
Top of the 6th over - 1 run, 1 hit, 0 errors, 0 left on base; Vanderbilt University 2 - University of Arizona 5 |
BOTTOM OF THE 6TH |
University of Arizona Wildcats batting - Pitching for Vanderbilt University Commodores : LHP Craig Soole
|
Batting: RHB Daniel Wise
|
0-0: Ball 1-0: Swinging Strike 1-1: Ball 2-1: SINGLE (Line Drive, 7LS, EV 107.5 MPH)
|
Batting: RHB Jorge Gonzales
|
0-0: Called Strike 0-1: Ball 1-1: Sac Bunt to 3S - play at first, batter OUT! 3-1 Daniel Wise to second
|
Batting: RHB Matt Peddle
|
0-0: Called Strike 0-1: Ball 1-1: Ground out 6-3 (Groundball, 6, EV 86.9 MPH) Daniel Wise to third
|
Batting: RHB Diego Herrera
|
0-0: Swinging Strike 0-1: Ball 1-1: Ball 2-1: Ball 3-1: SINGLE (Line Drive, 34, EV 94.4 MPH) Daniel Wise scores
|
Batting: RHB Melvin Nava
|
0-0: Foul Ball, location: 2F 0-1: SINGLE (Groundball, 56, EV 82.5 MPH) (infield hit) Diego Herrera to second
|
Pitching: LHP Antonio Sandoval
|
|
Batting: RHB Al Blanchard
|
0-0: Fielders Choice at 2nd, 6-4 (Groundball, 6, EV 93.8 MPH)
|
Bottom of the 6th over - 1 run, 3 hits, 0 errors, 2 left on base; Vanderbilt University 2 - University of Arizona 6 |
TOP OF THE 7TH |
Vanderbilt University Commodores batting - Pitching for University of Arizona Wildcats : LHP Amari Miller
|
Batting: RHB Jesus Ruiz
|
0-0: Ball 1-0: Fly out, F3 (Popup, 3SF, EV 75.6 MPH)
|
Pitching: RHP Joe Mulholland
|
|
Batting: LHB Carlos Martinez
|
0-0: Foul Ball, location: 2F 0-1: Ball 1-1: Foul Ball, location: 2F 1-2: Fly out, F7 (Flyball, 7S, EV 95.0 MPH)
|
Pinch Hitting: RHB Itocravo Arrochela
|
0-0: Fly out, F4 (Line Drive, 4, EV 68.8 MPH)
|
Top of the 7th over - 0 runs, 0 hits, 0 errors, 0 left on base; Vanderbilt University 2 - University of Arizona 6 |
BOTTOM OF THE 7TH |
University of Arizona Wildcats batting - Pitching for Vanderbilt University Commodores : LHP Antonio Sandoval
|
Now at 2B: Itocravo Arrochela
|
|
Now at SS: Jeremy Robertson
|
|
Batting: SHB Eric Kelley
|
0-0: Called Strike 0-1: Foul Ball, location: 2F 0-2: Foul Ball, location: 2F 0-2: Ground out 3-1 (Groundball, 34S, EV 83.8 MPH)
|
Batting: RHB Costantino Dolfini
|
0-0: Foul Ball, location: 2F 0-1: Ball 1-1: Foul Ball, location: 2F 1-2: Foul Ball, location: 2F 1-2: Foul Ball, location: 2F 1-2: Fly out, F3 (Popup, 3L, EV 61.9 MPH)
|
Batting: RHB Arnaud Derosiers
|
0-0: Ball 1-0: Ball 2-0: Foul Ball, location: 2F 2-1: Ball 3-1: SOLO HOME RUN (Flyball, 78XD, EV 115.0 MPH), Distance : 416 ft
|
Batting: RHB Daniel Wise
|
0-0: Ball 1-0: Foul Ball, location: 2F 1-1: Foul Ball, location: 2F 1-2: Ground out 6-3 (Groundball, 6, EV 101.2 MPH)
|
Bottom of the 7th over - 1 run, 1 hit, 0 errors, 0 left on base; Vanderbilt University 2 - University of Arizona 7 |
TOP OF THE 8TH |
Vanderbilt University Commodores batting - Pitching for University of Arizona Wildcats : RHP Joe Mulholland
|
Pinch Hitting: LHB Justin Short
|
0-0: Fly out, F3 (Popup, 23F, EV 89.4 MPH)
|
Batting: LHB Mike Becerra
|
0-0: Fly out, F8 (Line Drive, 8RM, EV 98.1 MPH)
|
Batting: RHB Roger Mitchell
|
0-0: Foul Ball, location: 2F 0-1: Swinging Strike 0-2: Ball 1-2: Strikes out looking
|
Top of the 8th over - 0 runs, 0 hits, 0 errors, 0 left on base; Vanderbilt University 2 - University of Arizona 7 |
BOTTOM OF THE 8TH |
University of Arizona Wildcats batting - Pitching for Vanderbilt University Commodores : LHP Antonio Sandoval
|
Now in CF: Seth Fox
|
|
Batting: RHB Jorge Gonzales
|
0-0: Ball 1-0: Ball 2-0: SINGLE (Flyball, 6MD, EV 88.1 MPH)
|
Batting: RHB Matt Peddle
|
0-0: Ball 1-0: Grounds into double play, 6-4-3 (Groundball, 6, EV 87.5 MPH)
|
Batting: RHB Diego Herrera
|
0-0: Foul Ball, location: 2F 0-1: Foul Ball, location: 2F 0-2: Foul Ball, location: 2F 0-2: Strikes out swinging
|
Bottom of the 8th over - 0 runs, 1 hit, 0 errors, 0 left on base; Vanderbilt University 2 - University of Arizona 7 |
TOP OF THE 9TH |
Vanderbilt University Commodores batting - Pitching for University of Arizona Wildcats : RHP Joe Mulholland
|
Pinch Hitting: RHB Austin Sweetman
|
0-0: Foul Ball, location: 2F 0-1: Ball 1-1: SINGLE (Groundball, 4D, EV 100.6 MPH)
|
Batting: RHB Reomel Somera
|
0-0: Fielders Choice at 2nd, 1-6 (Groundball, 13, EV 71.2 MPH)
|
Batting: LHB Jeremy Robertson
|
0-0: Ball Passed Ball! Reomel Somera to second 1-0: Ball 2-0: Ball 3-0: Called Strike 3-1: Base on Balls
|
Batting: RHB Jesus Ruiz
|
0-0: Swinging Strike 0-1: Swinging Strike 0-2: Ball 1-2: Fly out, F3 (Popup, 23F, EV 81.9 MPH)
|
Batting: LHB Carlos Martinez
|
0-0: Ball 1-0: Reached on error, E6 (Groundball, 6S, EV 85.0 MPH) Reomel Somera to third Jeremy Robertson to second
|
Pitching: RHP Denzel McPherson
|
|
Batting: RHB Itocravo Arrochela
|
0-0: Ball 1-0: Ball 2-0: Fly out, F7 (Flyball, 7, EV 85.6 MPH)
|
Top of the 9th over - 0 runs, 1 hit, 1 error, 3 left on base; Vanderbilt University 2 - University of Arizona 7 |
|